 Dungeon Crawl Stone Soup version 0.22.1-1-ga44c0e56f4 (webtiles) character file.

2769 Kniotic the Cleaver (level 9, -5/129 HPs)
             Began as a Minotaur Berserker on Oct 27, 2018.
             Was an Elder of Trog.
             Slain by a two-headed ogre
             ... wielding a +0 giant club
              (12 damage)
             ... on level 8 of the Dungeon.
             The game lasted 00:07:30 (6469 turns).

Kniotic the Cleaver (Minotaur Berserker)            Turns: 6469, Time: 00:07:30

Health: -5/129     AC: 15    Str: 30    XL:     9   Next: 42%
Magic:  0/8        EV:  8    Int:  4    God:    Trog [****..]
Gold:   330        SH:  0    Dex: 10    Spells: 8/8 levels left

rFire    . . .     SeeInvis .   x - +0 battleaxe
rCold    . . .     Gourm    .   (shield currently unavailable)
rNeg     . . .     Faith    .   t - +0 plate armour
rPois    .         Spirit   +   (helmet restricted)
rElec    .         Reflect  .   y - +2 cloak
rCorr    .         Harm     .   (no gloves)
MR       .....                  v - +0 pair of boots
Stlth    ..........             s - amulet of guardian spirit
HPRegen  0.31/turn              (no ring)
MPRegen  0.11/turn              (no ring)

@: berserking, lethally poisoned (-5 -> -6), very quick
A: retaliatory headbutt, horns 2
a: Berserk, Trog's Hand, Brothers in Arms, Renounce Religion


You were on level 8 of the Dungeon.
You worshipped Trog.
Trog was greatly pleased with you.
You were near starving.

You visited 1 branch of the dungeon, and saw 8 of its levels.

You collected 330 gold pieces.

Inventory:

Hand Weapons
 x - a +0 battleaxe (weapon)
Armour
 t - a +0 plate armour (worn)
 v - a +0 pair of boots (worn)
 y - a +2 cloak (worn)
Jewellery
 s - an amulet of guardian spirit (around neck)
Wands
 r - a wand of iceblast (19)
 w - a wand of polymorph (19)
 B - a wand of clouds (7)
Scrolls
 a - 3 scrolls of blinking {unknown}
 d - a scroll of identify
 e - 2 scrolls of teleportation {unknown}
 h - 8 scrolls of remove curse
 i - 2 scrolls of enchant armour {unknown}
 j - 3 scrolls of random uselessness {unknown}
 k - 3 scrolls of noise {unknown}
 l - 3 scrolls of fog {unknown}
 m - 3 scrolls of immolation {unknown}
 n - a scroll of amnesia {unknown}
 p - 2 scrolls of enchant weapon {unknown}
Potions
 b - 3 potions of might
 f - 2 potions of haste
 g - a potion of agility
 o - a potion of ambrosia
 q - 5 potions of curing
 A - a potion of berserk rage
Comestibles
 c - 13 rations


   Skills:
 + Level 10.4 Fighting
 - Level 12.2 Axes
 - Level 2.4 Armour
 - Level 2.1 Dodging


You had 8 spell levels left.
You didn't know any spells.
Your spell library was empty.

Dungeon Overview and Level Annotations

Branches:
Dungeon (8/15)             Temple (0/1) D:4
   Lair: D:8-11

Altars:
Elyvilon
Fedhas
Okawaru
Sif Muna
Uskayaw
Xom
Yredelemnul

Shops:
D:4 :


Innate Abilities, Weirdness & Mutations

You reflexively headbutt those who attack you in melee.
You have a pair of horns on your head.


Message History

The two-headed ogre hits you with a giant club! x2
You are too injured to fight recklessly!
A red film seems to cover your vision as you go berserk!
You feel yourself moving faster!
You feel mighty!
You are near starving!
You feel sick.
The two-headed ogre hits you with a giant club!
* * * LOW HITPOINT WARNING * * *
The two-headed ogre hits you with a giant club!!
* * * LOW HITPOINT WARNING * * *
You are too injured to fight recklessly!
You are too injured to fight recklessly!
You barely miss the two-headed ogre.
Your headbutt misses the two-headed ogre.
The two-headed ogre is heavily wounded.
You barely miss the two-headed ogre. You headbutt the two-headed ogre!!
The two-headed ogre is severely wounded.
You feel sick.
The two-headed ogre hits you with a giant club!
You die...

#.##...#
#.###### ##
#.########...
#..((........
#.#.....#.... (
#....(.....$.
#..#....(.......
......(.(.......
####.(.@†)......
#...O........
#............
..............
................
####.......#....
#......#.....
##.........#


You could see a two-headed ogre.

Vanquished Creatures
  Joseph (D:7)
  A troll (D:7)
  Grinder (D:4)
  A hippogriff (D:7)
  An orc warrior (D:6)
  2 phantoms
  An ogre (D:5)
  A centaur (D:5)
  A big kobold (D:8)
  Blork the orc (D:6)
  3 bullfrogs
  3 scorpions
  2 howler monkeys
  A centaur zombie (D:8)
  3 hounds
  2 orc priests
  A centaur skeleton (D:4)
  7 orc wizards
  Ijyb (D:4)
  2 iguanas
  3 worker ants
  A hound skeleton (D:6)
  A worker ant zombie (D:5)
  4 gnolls (D:2)
  11 adders
  A shadow imp (D:5)
  4 oozes
  An adder skeleton (D:4)
  4 worms
  3 leopard geckos
  28 orcs
  7 giant cockroaches
  18 goblins
  11 hobgoblins
  6 jackals
  8 quokkas
  2 ball pythons
  7 bats
  7 frilled lizards
  7 kobolds
  A quokka zombie (D:5)
  6 rats
177 creatures vanquished.

Notes
Turn   | Place    | Note
-------+----------+-------------------------------------------
     0 | D:1      | Kniotic the Minotaur Berserker began the quest for the Orb.
     0 | D:1      | Reached XP level 1. HP: 19/19 MP: 0/0
    28 | D:1      | Reached skill level 4 in Axes
    35 | D:1      | Reached XP level 2. HP: 26/26 MP: 1/1
   577 | D:1      | Reached skill level 5 in Axes
   883 | D:1      | Reached XP level 3. HP: 26/31 MP: 2/2
   973 | D:2      | Reached skill level 6 in Axes
   973 | D:2      | Reached XP level 4. HP: 32/39 MP: 3/3
  1153 | D:2      | Reached ** piety under Trog
  1291 | D:2      | Reached XP level 5. HP: 45/45 MP: 4/4
  1293 | D:2      | Reached skill level 7 in Axes
  1313 | D:2      | Found an iron altar of Okawaru.
  2683 | D:3      | Reached skill level 8 in Axes
  2751 | D:3      | Reached *** piety under Trog
  2971 | D:4      | Reached XP level 6. HP: 51/51 MP: 5/5
  2983 | D:4      | Found a staircase to the Ecumenical Temple.
  3059 | D:4      | Reached skill level 9 in Axes
  3078 | D:4      | Found a blossoming altar of Fedhas.
  3118 | D:4      | Found Urux's Book Shop.
  3164 | D:4      | Noticed Ijyb
  3177 | D:4      | Killed Ijyb
  3247 | D:4      | Noticed Grinder
  3255 | D:4      | Killed Grinder
  3255 | D:4      | Reached skill level 10 in Axes
  3255 | D:4      | Reached XP level 7. HP: 57/57 MP: 6/6
  3661 | D:5      | Entered Level 5 of the Dungeon
  3664 | D:5      | Reached skill level 11 in Axes
  3682 | D:5      | Reached XP level 8. HP: 31/64 MP: 7/7
  3908 | D:5      | Reached **** piety under Trog
  3916 | D:5      | Reached skill level 12 in Axes
  4682 | D:6      | Found a basalt altar of Yredelemnul.
  4686 | D:6      | Reached skill level 5 in Fighting
  4750 | D:6      | Found a deep blue altar of Sif Muna.
  5130 | D:6      | Noticed Blork the orc
  5138 | D:6      | Killed Blork the orc
  5279 | D:7      | Found a hide-covered altar of Uskayaw.
  5313 | D:7      | Noticed a troll
  5320 | D:7      | Killed a troll
  5320 | D:7      | Reached XP level 9. HP: 44/81 MP: 8/8
  5645 | D:7      | Found a shimmering altar of Xom.
  5645 | D:7      | Found a white marble altar of Elyvilon.
  5650 | D:7      | Found a basalt altar of Yredelemnul.
  5807 | D:7      | Noticed Joseph
  5818 | D:7      | Killed Joseph
  5910 | D:7      | Reached skill level 10 in Fighting
  6457 | D:8      | Noticed a two-headed ogre
  6469 | D:8      | Slain by a two-headed ogre

Skill      XL: |  1  2  3  4  5  6  7  8  9 |
---------------+----------------------------+-----
Axes           | 4 5 6 8 10 11 12 | 12.2
Fighting       | 8 10 | 10.4
Armour         | |  2.4
Dodging        | |  2.1

Action                   |  1- 3 |  4- 6 |  7- 9 || total
-------------------------+-------+-------+-------++-------
Melee: Hand axe          |    53 |   162 |   105 ||   320
       Headbutt          |     8 |    28 |    41 ||    77
       Battleaxe         |       |       |   107 ||   107
Invok: Berserk           |     1 |     6 |     6 ||    13
  Use: Scroll            |       |       |    10 ||    10
 Stab: Sleeping          |       |     2 |       ||     2
  Eat: Chunk             |       |    13 |    15 ||    28
Armor: Animal skin       |    10 |    15 |       ||    25
       Plate armour      |       |       |   114 ||   114
Dodge: Dodged            |    36 |    90 |    68 ||   194
